 Dungeon Sprint DCSS version 0.28-a0-8-g6e044cfa68 (webtiles) character file.

Game seed: 13581766353157503389

7276 mhtbhm the Peltast (level 10, -2/97 HPs)
             Began as a Minotaur Fighter on July 23, 2021.
             Was the Champion of Qazlal.
             Slain by an orc high priest (4 damage)
             ... in the Dungeon (Sprint VII: "The Pits").
             The game lasted 00:03:55 (1692 turns).

mhtbhm the Peltast (Minotaur Fighter)               Turns: 1692, Time: 00:03:55

Health: -2/97      AC: 21    Str: 23    XL:     10   Next: 89%
Magic:  3/14       EV: 10    Int: 11    God:    Qazlal [******]
Gold:   0          SH: 23    Dex: 11    Spells: 9/9 levels left

rFire   . . .      SeeInvis .   a - +2 scimitar (holy)
rCold   . . .      Faith    .   c - +0 kite shield
rNeg    . . .      Spirit   .   b - +4 chain mail
rPois   .          Reflect  .   (helmet restricted)
rElec   .          Harm     .   (no cloak)
rCorr   .          Rampage  .   r - +0 pair of gloves
Will    .....      NoTele   +   (no boots)
Stlth   ..........              (no amulet)
HPRegen 0.26/turn               o - +3 ring of intelligence
MPRegen 0.14/turn               n - +3 ring of intelligence

@: protected from physical damage, repel missiles
A: horns 2, retaliatory headbutt
a: Renounce Religion, Upheaval, Elemental Force, Disaster Area


You were in the Dungeon.
You worshipped Qazlal.
Qazlal was exalted by your worship.
You visited 1 branch

Inventory:

Hand Weapons
 a - a +2 scimitar of holy wrath (weapon)
Armour
 b - a +4 chain mail (worn)
 c - a +0 kite shield (worn)
 r - a +0 pair of gloves (worn)
Jewellery
 n - a +3 ring of intelligence (right hand)
 o - a +3 ring of intelligence (left hand)
Scrolls
 j - a scroll of blinking
 l - 5 scrolls of amnesia
 m - a scroll of summoning
Potions
 d - 3 potions of might
 e - 7 potions of curing
 f - 3 potions of heal wounds
 g - a potion of haste
 h - 4 potions of magic
 i - 6 potions of berserk rage
 k - 2 potions of invisibility
 p - a potion of resistance
 q - 2 potions of brilliance


   Skills:
 + Level 11.8 Fighting
 + Level 14.4 Long Blades
 + Level 14.1 Armour
 + Level 6.2 Dodging
 + Level 17.3 Shields
 * Level 7.7 Invocations


You had 9 spell levels left.
You didn't know any spells.
Your spell library was empty.

Dungeon Overview and Level Annotations

Branches:
Dungeon (1/1)

Altars:
Ashenzari
Cheibriados
Dithmenos
Elyvilon
Fedhas
Gozag
Hepliaklqana
Kikubaaqudgha
Makhleb
Nemelex Xobeh
Okawaru
Qazlal
Ru
Sif Muna
Trog
Uskayaw
Vehumet
Wu Jian
Xom
Yredelemnul
Zin
The Shining One
Beogh
Jiyva
Lugonu


Innate Abilities, Weirdness & Mutations

You have a pair of horns on your head.
You reflexively headbutt those who attack you in melee.


Message History

The spriggan rider hits you with a +0 spear.
The ice devil completely misses you. The orc high priest closely misses you.
You furiously retaliate!
You headbutt the orc high priest, but do no damage.
You riposte.
You barely miss the orc high priest.
Your headbutt misses the orc high priest.
The orc high priest is heavily wounded.
The smoke demon gestures at you. You block the sticky flame.
You barely miss the orc high priest.
Your headbutt misses the orc high priest.
The orc high priest is heavily wounded.
The chaos spawn gores you but does no damage.
You block the orange demon's attack.
The orc warrior is engulfed in blazing flames.
The orc warrior hits you from afar with a +0 halberd!
* * * LOW HITPOINT WARNING * * *
The spriggan rider hits you with a +0 spear.
* * * LOW HITPOINT WARNING * * *
You feel more protected from physical attacks.
You barely miss the orc high priest.
You headbutt the orc high priest, but do no damage.
The orc high priest is heavily wounded.
You block the ice devil's attack.
The orc high priest hits you but does no damage.
The smoke demon gestures at you. Beogh smites you!
* * * LOW HITPOINT WARNING * * *
You block the chaos spawn's attack. You block the orange demon's attack.
The orc warrior is engulfed in blazing flames.
The orc warrior hits you but does no damage.
You hit the orc high priest.
The orc high priest is severely wounded.
You block the spriggan rider's attack.
The orc priest mumbles some strange prayers to Beogh against you.
Beogh smites you!
* * * LOW HITPOINT WARNING * * *
You block the ice devil's attack.
The orc high priest hits you with a +0 short sword.
You die...

........+ .#......#
........# #''######
#''##### ###########
#......# #.........#
#......# #..§°...#
##..).## ####§44####
##)'## ###..+.3@o..# .
##....###....##i##.....#
#......#....##o4.##†...#
#......†....'..ooi'o)..+
#......#)...##..)##....#
##....###....##)## ...#
##÷'## ###..+††)o #..
#....# ####...# #......#
.....


You could see a spriggan rider, an orc high priest, an orange demon, an ice
devil (summoned), a smoke demon (summoned), a chaos spawn (summoned), an orc
warrior and an orc priest.

Vanquished Creatures
  A boulder beetle (D)
  A two-headed ogre (D)
  Urug (D)
  A sea snake (D)
  A bog body (D)
  A cane toad (D)
  An efreet (D)
  A guardian mummy (D)
  A jumping spider (D)
  5 blink frogs (D)
  A wyvern (D)
  A spriggan (D)
  A fire bat (D)
  Grum (D)
  Edmund (D)
  Menkaure (D)
  2 wargs (D)
  A floating eye (D)
  2 ice beasts (D)
  A sky beast (D)
  An orc warrior (D)
  9 wolves (D)
  2 ogres (D)
  2 centaurs (D)
  2 crimson imps (D)
  An orc priest (D)
  A gnoll shaman (D)
  2 hounds (D)
  Jessica (D)
  A mummy (D)
  3 orcs (D)
  A bat (D)
  An endoplasm (D)
  2 giant cockroaches (D)
  A goblin (D)
  2 hobgoblins (D)
  A quokka (D)
  2 frilled lizards (D)
  A quokka skeleton (D)
62 creatures vanquished.

Notes
Turn   | Place    | Note
-------+----------+-------------------------------------------
     0 | D        | mhtbhm the Minotaur Fighter began the quest for the Orb.
     0 | D        | Reached XP level 1. HP: 19/19 MP: 0/0
    11 | D        | Noticed a floating eye
    13 | D        | Paralysed by a floating eye for 4 turns
    17 | D        | Killed a floating eye
    18 | D        | Reached skill level 6 in Shields
    18 | D        | Reached XP level 2. HP: 34/34 MP: 1/1
    18 | D        | Reached XP level 3. HP: 39/39 MP: 2/2
    18 | D        | Reached XP level 4. HP: 47/47 MP: 3/3
    22 | D        | Found a bloodstained altar of Trog.
    22 | D        | Found a shimmering blue altar of Sif Muna.
    22 | D        | Found a viscous altar of Jiyva.
    22 | D        | Found a hazy altar of Hepliaklqana.
    22 | D        | Found an opulent altar of Gozag.
    23 | D        | Found a glowing golden altar of the Shining One.
    23 | D        | Found a glowing silver altar of Zin.
    23 | D        | Found a basalt altar of Yredelemnul.
    23 | D        | Found a shimmering altar of Xom.
    23 | D        | Found an ornate altar of the Wu Jian Council.
    23 | D        | Found a sacrificial altar of Ru.
    23 | D        | Found a stormy altar of Qazlal.
    23 | D        | Found an iron altar of Okawaru.
    23 | D        | Found a sparkling altar of Nemelex Xobeh.
    23 | D        | Found a burning altar of Makhleb.
    23 | D        | Found a blossoming altar of Fedhas.
    23 | D        | Found a white marble altar of Elyvilon.
    23 | D        | Found a shadowy altar of Dithmenos.
    23 | D        | Found a snail-covered altar of Cheibriados.
    25 | D        | Found a radiant altar of Vehumet.
    25 | D        | Found a corrupted altar of Lugonu.
    26 | D        | Found a hide-covered altar of Uskayaw.
    26 | D        | Found an ancient bone altar of Kikubaaqudgha.
    26 | D        | Found a broken altar of Ashenzari.
    30 | D        | Became a worshipper of Qazlal Stormbringer
    72 | D        | Reached skill level 7 in Shields
    81 | D        | Reached * piety under Qazlal
    89 | D        | Noticed Edmund
   102 | D        | Reached ** piety under Qazlal
   116 | D        | Killed Edmund
   117 | D        | Reached skill level 5 in Long Blades
   117 | D        | Reached skill level 1 in Dodging
   117 | D        | Reached skill level 8 in Shields
   117 | D        | Reached XP level 5. HP: 29/53 MP: 4/4
   283 | D        | Noticed an ice beast
   300 | D        | Killed an ice beast
   301 | D        | Reached skill level 9 in Shields
   301 | D        | Reached XP level 6. HP: 62/62 MP: 5/5
   308 | D        | Noticed a warg
   312 | D        | Reached *** piety under Qazlal
   319 | D        | Killed a warg
   320 | D        | Reached skill level 10 in Shields
   328 | D        | Reached **** piety under Qazlal
   337 | D        | Reached XP level 7. HP: 40/70 MP: 6/6
   488 | D        | Reached skill level 10 in Armour
   504 | D        | Reached ***** piety under Qazlal
   505 | D        | Reached skill level 11 in Shields
   515 | D        | Noticed Jessica
   515 | D        | Noticed a spriggan
   515 | D        | Noticed an efreet
   525 | D        | Killed an efreet
   526 | D        | Reached skill level 10 in Long Blades
   536 | D        | Killed a spriggan
   537 | D        | Reached skill level 12 in Shields
   537 | D        | Reached XP level 8. HP: 21/79 MP: 7/7
   538 | D        | Killed Jessica
   539 | D        | Reached skill level 10 in Fighting
   908 | D        | Noticed Grum
   908 | D        | Noticed a bog body
   920 | D        | Killed a bog body
   921 | D        | Reached skill level 13 in Shields
   924 | D        | Killed Grum
   925 | D        | Reached XP level 9. HP: 33/86 MP: 8/8
  1249 | D        | Noticed a cane toad
  1261 | D        | Reached skill level 14 in Shields
  1261 | D        | Reached skill level 1 in Invocations
  1263 | D        | Killed a cane toad
  1263 | D        | Reached ****** piety under Qazlal
  1415 | D        | Noticed a boulder beetle
  1415 | D        | Noticed a guardian mummy
  1435 | D        | Killed a guardian mummy
  1482 | D        | Killed a boulder beetle
  1483 | D        | Reached skill level 5 in Dodging
  1483 | D        | Reached skill level 15 in Shields
  1576 | D        | Noticed Urug
  1585 | D        | Reached skill level 5 in Invocations
  1586 | D        | Killed Urug
  1587 | D        | Reached XP level 10. HP: 85/96 MP: 11/13
  1593 | D        | Reached skill level 16 in Shields
  1644 | D        | Noticed a sea snake
  1646 | D        | Noticed Menkaure
  1654 | D        | Noticed an orange demon
  1654 | D        | Noticed an ogre mage
  1657 | D        | Killed Menkaure
  1657 | D        | Killed a sea snake
  1658 | D        | Reached skill level 17 in Shields
  1658 | D        | Noticed a spriggan rider
  1659 | D        | Noticed a two-headed ogre
  1665 | D        | Noticed an orc high priest
  1667 | D        | Killed a two-headed ogre
  1686 | D        | Noticed a smoke demon
  1692 | D        | HP: 2/97 [orc priest/divine providence[an orc high priest]
                  | (15)]
  1692 | D        | Slain by an orc high priest

Illustrated notes

Levels and vault maps discovered:
D:        pitsprint [storerooms_1, entrance_room_1, metal_vault_2, armoury_3,
          mini_pit_1, grid_room_1, main_hall_1, silver_pit, the_coven_1,
          the_vestibule_1, steel_vault_5, golden_pit, hallway_of_sentries,
          crystal_vault_1, iron_vault_2, final_vault]

Skill      XL: |  1  2  3  4  5  6  7  8  9 10 |
---------------+-------------------------------+-----
Fighting       | 7 8 9 10 11 | 11.8
Long Blades    | 3 5 6 8 10 12 13 14 | 14.4
Armour         | 7 8 9 10 12 13 14 | 14.1
Shields        | 6 8 9 10 12 13 15 17 | 17.3
Dodging        | 1 2 3 4 5 6 |  6.2
Invocations    | 5 7 |  7.7

Action                   |  1- 3 |  4- 6 |  7- 9 | 10-12 || total
-------------------------+-------+-------+-------+-------++-------
Melee: Headbutt          |     2 |    15 |    26 |    13 ||    56
       Long sword        |     2 |    28 |    37 |       ||    67
       Falchion          |       |    34 |       |       ||    34
       Scimitar          |       |       |    84 |    59 ||   143
Invok: Elemental Force   |       |       |       |     1 ||     1
       Disaster Area     |       |       |       |     1 ||     1
  Use: Potion            |       |       |       |     3 ||     3
Armor: Scale mail        |       |     2 |       |       ||     2
       Chain mail        |       |     6 |    27 |    28 ||    61
Dodge: Dodged            |       |    14 |    20 |    14 ||    48
Block: Kite shield       |       |    49 |   106 |    87 ||   242
       Rpst.: Falchion   |       |     1 |       |       ||     1
       Long sword        |       |     2 |       |       ||     2
       Scimitar          |       |       |     1 |     4 ||     5

Table legend: (Time is in decaauts)
 A = Elapsed time spent in this place.
 B = Non-inter-level travel time spent in this place.
 C = Inter-level travel time spent in this place.
 D = Time resting spent in this place.
 E = Time spent auto-exploring this place.
 F = Levels seen in this place.
 G = Mean time per level.
                   A        B        C        D        E       F      G
               +--------+--------+--------+--------+--------+-----+--------+
         Total |   1671 |   1671 |      0 |    946 |    187 |   1 | 1671.0 |
       Dungeon |   1671 |   1671 |      0 |    946 |    187 |   1 | 1671.0 |
               +--------+--------+--------+--------+--------+-----+--------+

Top non-repeatable levels by time:
       D: 1671 daAuts
